 Dungeon Crawl Stone Soup version 0.30-a0-528-g8c47a4955b (webtiles) character file.

Game seed: 108739641277369630

168 gruber the Chiller (level 5, -2/37 HPs)
             Began as a Gnoll Ice Elementalist on Dec 23, 2022.
             Slain by a howler monkey (4 damage)
             ... on level 4 of the Dungeon.
             The game lasted 00:03:26 (2538 turns).

gruber the Chiller (Gnoll Ice Elementalist)         Turns: 2538, Time: 00:03:27

Health: -2/37      AC:  3    Str:  7    XL:     5   Next: 49%
Magic:  8/12       EV: 13    Int: 16    God:
Gold:   189        SH:  0    Dex: 13    Spells: 10/14 levels left

rFire   . . .      SeeInvis .    h - +0 long sword
rCold   . . .      Faith    .    (no shield)
rNeg    . . .      Spirit   .    a - +0 robe
rPois   .          Reflect  .    (no helmet)
rElec   .          Harm     .    (no cloak)
rCorr   .          Rampage  .    (no gloves)
Will    .....                    g - +0 pair of boots
Stlth   +++                      (no amulet)
HPRegen 0.26/turn                (no ring)
MPRegen 0.13/turn                (no ring)

@: lethally poisoned (-2 -> -3), freezing walls
A: fangs 1, strong nose, distributed training
a: no special abilities


You were on level 4 of the Dungeon.
You visited 1 branch of the dungeon, and saw 4 of its levels.

You collected 189 gold pieces.

Inventory:

Hand Weapons
 h - a +0 long sword (weapon)
Missiles
 d - a throwing net
Armour
 a - a +0 robe (worn)
 g - a +0 pair of boots (worn)
Jewellery
 k - a ring of protection from fire
Wands
 s - a wand of acid (12)
Scrolls
 c - a scroll of magic mapping {unknown}
 e - a scroll of summoning {unknown}
 f - 4 scrolls of identify {unknown}
 l - 2 scrolls of teleportation {unknown}
 n - a scroll of enchant armour {unknown}
 q - a scroll of fog {unknown}
Potions
 b - a potion of magic
 i - 3 potions of curing {unknown}
 j - a potion of flight {unknown}
 m - a potion of degeneration {unknown}
 o - 2 potions of haste {unknown}
 p - 2 potions of brilliance {unknown}
 r - 2 potions of cancellation {unknown}
 t - a potion of heal wounds {unknown}
 u - 2 potions of lignification {unknown}


   Skills:
 + Level 1.6 Fighting
 + Level 1.6 Short Blades
 + Level 1.6 Long Blades
 + Level 1.6 Axes
 + Level 1.6 Maces & Flails
 + Level 1.6 Polearms
 + Level 1.6 Staves
 + Level 1.6 Ranged Weapons
 + Level 1.6 Throwing
 + Level 1.6 Armour
 + Level 4.8 Dodging
 + Level 4.4 Stealth
 + Level 1.6 Shields
 + Level 1.6 Unarmed Combat
 + Level 5.2 Spellcasting
 + Level 1.2 Conjurations
 + Level 1.2 Hexes
 + Level 1.2 Summonings
 + Level 1.2 Necromancy
 + Level 1.2 Translocations
 + Level 1.2 Transmutations
 + Level 1.2 Fire Magic
 + Level 7.2 Ice Magic
 + Level 1.2 Air Magic
 + Level 1.2 Earth Magic
 + Level 1.2 Poison Magic
 + Level 1.8 Invocations
 + Level 1.6 Evocations


You had 10 spell levels left.
You knew the following spells:

 Your Spells              Type           Power      Damage    Failure   Level
a - Freeze                Ice            100%       1d10      1%          1
b - Frozen Ramparts       Ice            54%        1d9       2%          3

Your spell library contained the following spells:

 Spells                   Type           Power      Damage    Failure   Level
 Ozocubu's Armour         Ice            27%        N/A       2%          3
 Ensorcelled Hibernation  Hex/Ice        34%        N/A       4%          2
 Spider Form              Tmut/Pois      8%         N/A       26%         3
 Summon Ice Beast         Ice/Summ       17%        N/A       26%         4
 Anguish                  Hex/Necr       4%         N/A       65%         4


Dungeon Overview and Level Annotations

Branches:
Dungeon (4/15)
 Temple: D:4-7

Altars:


Innate Abilities, Weirdness & Mutations

You have very sharp teeth.
Your uncanny sense of smell can sniff out nearby items.
Your experience applies equally to all skills.


Message History

Casting: Frozen Ramparts (dangerous; 2% risk of failure)
Press: ? - help, Dir - look around, f - activate The walls around you are covered in ice.
The wall freezes the adder.
The adder bites you.
The wall freezes the endoplasm.
The endoplasm barely misses you.
Unknown command.
Unknown command.
You hit the endoplasm.
You kill the endoplasm!
The wall freezes the adder.
The adder bites you.
You are poisoned.
The adder poisons you!
The wall freezes the howler monkey!
The howler monkey hits you.
The wall freezes the ogre.
The wall freezes the adder.
The adder seems to slow down.
The adder barely misses you.
The wall freezes the howler monkey.
The howler monkey hits you.
Unknown command.
You closely miss the adder.
The adder is severely wounded.
You feel sick.
The wall freezes the ogre.
The wall freezes the howler monkey.
The howler monkey closely misses you.
The wall freezes the adder!
You kill the adder!
The wall freezes the ogre.
The ogre hits you with a +0 giant club!!
Ouch! That really hurt!
* * * LOW HITPOINT WARNING * * *
Unknown command.
You are too injured to fight recklessly!
Unknown command.
Unknown command.
Casting: Frozen Ramparts (dangerous; 2% risk of failure)
Confirm with . or Enter, or press ? or * to list all spells.
Aiming: Freeze (safe; 1% risk of failure)
Press: ? - help, Shift-Dir - straight line, f - ogre
Aim: an ogre, wielding a +0 giant club (heavily wounded)
You freeze the ogre!
The ogre is severely wounded.
* * * LOW HITPOINT WARNING * * *
You feel sick.
The wall freezes the howler monkey.
The howler monkey hits you.
You die...

#.# #.# #####.# #
##
......####.###.###
###
###.............[.
... # #.........#
...##.. #
#.........# #....#
###.........# #hO†#
............# #.@#
............###.##
................+
.............##.#
.............##...
...#######.#.######
∆ ...# ##........#
...# #....######
#########....####


You could see an ogre and a howler monkey.

Vanquished Creatures
  A jelly (D:4)
  An iguana (D:4)
  5 adders
  A worm (D:2)
  An orc (D:3)
  7 endoplasms
  A giant cockroach (D:1)
  8 goblins
  2 hobgoblins
  6 jackals
  7 kobolds
  A quokka (D:1)
  4 ball pythons
  7 bats
  5 frilled lizards
  8 rats
65 creatures vanquished.

Notes
Turn   | Place    | Note
-------+----------+-------------------------------------------
     0 | D:1      | gruber the Gnoll Ice Elementalist began the quest for the
                  | Orb.
     0 | D:1      | Reached XP level 1. HP: 13/13 MP: 6/6
   168 | D:1      | Reached XP level 2. HP: 19/19 MP: 5/7
   525 | D:1      | Reached skill level 5 in Spellcasting
   525 | D:1      | Reached XP level 3. HP: 25/25 MP: 7/9
  1090 | D:2      | Learned a level 3 spell: Frozen Ramparts
  1115 | D:2      | Reached skill level 1 in Invocations
  1601 | D:2      | Reached skill level 1 in Fighting
  1601 | D:2      | Reached skill level 1 in Short Blades
  1601 | D:2      | Reached skill level 1 in Long Blades
  1601 | D:2      | Reached skill level 1 in Axes
  1601 | D:2      | Reached skill level 1 in Maces & Flails
  1601 | D:2      | Reached skill level 1 in Polearms
  1601 | D:2      | Reached skill level 1 in Staves
  1601 | D:2      | Reached skill level 1 in Ranged Weapons
  1601 | D:2      | Reached skill level 1 in Throwing
  1601 | D:2      | Reached skill level 1 in Armour
  1601 | D:2      | Reached skill level 1 in Shields
  1601 | D:2      | Reached skill level 1 in Unarmed Combat
  1601 | D:2      | Reached skill level 1 in Evocations
  1714 | D:2      | Reached XP level 4. HP: 32/32 MP: 11/11
  2120 | D:3      | Reached skill level 1 in Conjurations
  2120 | D:3      | Reached skill level 1 in Hexes
  2120 | D:3      | Reached skill level 1 in Summonings
  2120 | D:3      | Reached skill level 1 in Necromancy
  2120 | D:3      | Reached skill level 1 in Translocations
  2120 | D:3      | Reached skill level 1 in Transmutations
  2120 | D:3      | Reached skill level 1 in Fire Magic
  2120 | D:3      | Reached skill level 1 in Air Magic
  2120 | D:3      | Reached skill level 1 in Earth Magic
  2120 | D:3      | Reached skill level 1 in Poison Magic
  2428 | D:4      | Reached XP level 5. HP: 36/37 MP: 12/12
  2534 | D:4      | Noticed an ogre
  2538 | D:4      | Slain by a howler monkey

Illustrated notes

Levels and vault maps discovered:
D:1:      minmay_arrival_four_houses, layout_basic
D:2:      layout_loops_corners, minmay_bisected
D:3:      layout_rooms, feat_on_display
D:4:      layout_basic, nemelex_spade_bored_becter,
          nicolae_qazlal_style_of_elements, minmay_misc_feat_doors,
          grunt_ministairs_14

Skill      XL: |  1  2  3  4 |
---------------+-------------+-----
Spellcasting   | 5 |  5.2
Invocations    | 1 |  1.8
Fighting       | 1 |  1.6
Short Blades   | 1 |  1.6
Long Blades    | 1 |  1.6
Axes           | 1 |  1.6
Maces & Flails | 1 |  1.6
Polearms       | 1 |  1.6
Staves         | 1 |  1.6
Ranged Weapons | 1 |  1.6
Throwing       | 1 |  1.6
Armour         | 1 |  1.6
Shields        | 1 |  1.6
Unarmed Combat | 1 |  1.6
Evocations     | 1 |  1.6
Conjurations   | 1 |  1.2
Hexes          | 1 |  1.2
Summonings     | 1 |  1.2
Necromancy     | 1 |  1.2
Translocations | 1 |  1.2
Transmutations | 1 |  1.2
Fire Magic     | 1 |  1.2
Air Magic      | 1 |  1.2
Earth Magic    | 1 |  1.2
Poison Magic   | 1 |  1.2
Dodging        | |  4.8
Stealth        | |  4.4
Ice Magic      | |  7.2

Action                   |  1- 3 |  4- 6 || total
-------------------------+-------+-------++-------
Melee: Bite              |     7 |     6 ||    13
       Unarmed           |     2 |       ||     2
       Long sword        |    74 |    66 ||   140
       Punch             |     2 |     1 ||     3
 Cast: Freeze            |    20 |     1 ||    21
       Frozen Ramparts   |     1 |     3 ||     4
 Stab: Sleeping          |     9 |     7 ||    16
Armor: Robe              |    27 |    17 ||    44
Dodge: Dodged            |    77 |    48 ||   125

Table legend: (Time is in decaauts)
 A = Elapsed time spent in this place.
 B = Non-inter-level travel time spent in this place.
 C = Inter-level travel time spent in this place.
 D = Time resting spent in this place.
 E = Time spent auto-exploring this place.
 F = Levels seen in this place.
 G = Mean time per level.
                   A        B        C        D        E       F      G
               +--------+--------+--------+--------+--------+-----+--------+
         Total |   2586 |   2436 |    150 |      0 |   1906 |   4 |  646.5 |
       Dungeon |   2586 |   2436 |    150 |      0 |   1906 |   4 |  646.5 |
               +--------+--------+--------+--------+--------+-----+--------+

Top non-repeatable levels by time:
     D:2: 1012 daAuts
     D:1: 784 daAuts
     D:3: 594 daAuts
     D:4: 194 daAuts
